 Dungeon Crawl Stone Soup version 0.20-a0-809-gaf7f668 (webtiles) character file.

128 Gorglomux the Conjurer (level 4, -7/36 HPs)
             Began as a Deep Elf Conjurer on Mar 2, 2017.
             Mangled by Crazy Yiuf
             ... wielding a +4 quarterstaff of chaos
              (20 damage)
             ... on level 2 of the Dungeon.
             The game lasted 00:04:18 (2319 turns).

Gorglomux the Conjurer (Deep Elf Conjurer)          Turns: 2319, Time: 00:04:23

Health: -7/36      AC: 22    Str:  2 (5)  XL:     4   Next: 86%
Magic:  1/10       EV:  2    Int: 20 (21) God:
Gold:   163        SH:  0    Dex: 12 (15) Spells: 0/9 levels left

rFire    . . .     SeeInvis .   e - +0 spear
rCold    + . .     Gourm    .   (armour currently unavailable)
rNeg     + + +     Faith    .   (no shield)
rPois    +         Spirit   .   (helmet currently unavailable)
rElec    .         Reflect  .   (cloak currently unavailable)
rCorr    .         Harm     .   (gloves currently unavailable)
MR       .....     NoTele   +   (boots currently unavailable)
Stlth    ++........             (no amulet)
Regen    0.2/turn               (no ring)
MPRegen  0.2/turn               c - ring of protection from cold

@: tree-form, slowed, drained, very slow
A: no striking features
a: no special abilities


You were on level 2 of the Dungeon.
You were hungry.
You were a tree.
You visited 1 branch of the dungeon, and saw 2 of its levels.

You collected 163 gold pieces.

Inventory:

Hand Weapons
 e - a +0 spear (weapon)
Armour
 a - a +0 robe (melded)
Jewellery
 c - a ring of protection from cold (left branch)
Wands
 I - a wand of iceblast (9/15)
Scrolls
 f - a scroll of enchant armour {unknown}
 h - a scroll of fog {unknown}
 j - 2 scrolls of magic mapping {unknown}
 k - a scroll of noise {unknown}
 u - a scroll of teleportation {unknown}
Potions
 m - a potion of berserk rage {unknown}
 o - a potion of magic {unknown}
 p - 2 potions of degeneration
 s - a potion of might {unknown}
 t - a potion of resistance {unknown}
Books
 b - a book of Conjurations

   Spells                             Type                      Level
   a - Magic Dart                     Conjuration                  1
   b - Searing Ray                    Conjuration                  2
   c - Dazzling Spray                 Conjuration/Hexes            3
   d - Fulminant Prism                Conjuration/Hexes            4
   e - Force Lance                    Conjuration/Translocation    4
   f - Iskenderun's Mystic Blast      Conjuration                  4
Comestibles
 i - 2 bread rations
 n - a meat ration
 J - a chunk of flesh


   Skills:
 - Level 2.4(2.0) Dodging
 - Level 2.4(2.0) Stealth
 + Level 3.1(2.8) Spellcasting
 + Level 6.7(6.3) Conjurations
 + Level 0.4(0.1) Translocations


You couldn't memorise any spells.
You knew the following spells:

 Your Spells              Type           Power        Failure   Level  Hunger
a - Magic Dart            Conj           ####         1%          1    None
b - Iskenderun's Mystic   Conj           ####....     12%         4    ####...
c - Force Lance           Conj/Tloc      ###.....     45%         4    ####...


Dungeon Overview and Level Annotations

Branches:
Dungeon (2/15)

Altars:
Gozag

Annotations:
D:2 Crazy Yiuf


Message History

You feel weakened.
You feel dopey.
You feel clumsy. Crazy Yiuf barely misses you.
It was a potion of heal wounds.
You feel much better.
Crazy Yiuf screams, "Mugger sallow return to song!"
Crazy Yiuf hits you with a quarterstaff of chaos!
Ouch! That really hurt!
* * * LOW HITPOINT WARNING * * *
Crazy Yiuf burns you.
* * * LOW HITPOINT WARNING * * *
You feel much better. Crazy Yiuf barely misses you.
Crazy Yiuf hits you with a quarterstaff of chaos!
You feel drained.
It was a potion of lignification.
You turn into a tree.
Your +0 robe melds into your body.
Your roots penetrate the ground.
Crazy Yiuf hits you but does no damage.
Crazy Yiuf hits you with a quarterstaff of chaos.
* * * LOW HITPOINT WARNING * * *
You are electrocuted!
Ouch! That really hurt!
You die...

.....###.## #.##.#.#
.##### #.# #.##.#.# ##
#.# #.##...# ##'##
#.####.# ##...##
#.####.## ##.....##
#.##....# # ##.......##
#.......#
####.........####......#
...'.........'[g♣....###
####...(.....####..[.# #
##.......######.#.#
##...........###.#
##....#####.# #.# ##'#.#
#.# #.# #.#.# ###.###.#
#>#.# #.......# #####
#######.#


You could see Crazy Yiuf.

Vanquished Creatures
  Jessica (D:2)
  Terence (D:2)
  2 adders (D:2)
  2 worms (D:2)
  2 dart slugs (D:2)
  2 leopard geckos (D:1)
  10 bats
  5 giant cockroaches
  5 goblins
  5 hobgoblins
  4 kobolds
  A frilled lizard (D:2)
  10 rats
50 creatures vanquished.

Notes
Turn   | Place    | Note
-------+----------+-------------------------------------------
     0 | D:1      | Gorglomux the Deep Elf Conjurer began the quest for the Orb.
     0 | D:1      | Reached XP level 1. HP: 10/10 MP: 6/6
   146 | D:1      | Reached XP level 2. HP: 15/15 MP: 4/8
   184 | D:1      | Reached skill level 5 in Conjurations
   885 | D:2      | Reached XP level 3. HP: 19/19 MP: 6/9
  1098 | D:2      | Noticed Jessica
  1124 | D:2      | Killed Jessica
  1124 | D:2      | Reached skill level 6 in Conjurations
  1215 | D:2      | Found a runed door.
  1288 | D:2      | Reached XP level 4. HP: 24/24 MP: 1/10
  1452 | D:2      | Found an opulent altar of Gozag.
  1649 | D:2      | Noticed Terence
  1670 | D:2      | Killed Terence
  1969 | D:2      | Learned a level 4 spell: Iskenderun's Mystic Blast
  1974 | D:2      | Learned a level 4 spell: Force Lance
  2284 | D:2      | Noticed Crazy Yiuf
  2319 | D:2      | Mangled by Crazy Yiuf

Vault maps used:
D:1:      matt_arrival_spirals
D:2:      grunt_gozag_statues, uniq_terence, uniq_jessica,
          uniq_crazy_yiuf_cottage

Skill      XL: |  1  2  3 |
---------------+----------+-----
Conjurations   | 5 6 |  6.7
Dodging        | |  2.4
Stealth        | |  2.4
Spellcasting   | |  3.1
Translocations | |  0.4

Action                   |  1- 3 |  4- 6 || total
-------------------------+-------+-------++-------
Melee: Unarmed           |     2 |       ||     2
       Spear             |     2 |     1 ||     3
 Cast: Magic Dart        |    69 |    45 ||   114
       Iskenderun's Myst |       |     2 ||     2
  Use: Potion            |       |     4 ||     4
  Eat: Chunk             |     1 |     3 ||     4
Armor: Robe              |     3 |     1 ||     4
       Skin              |       |     1 ||     1
Dodge: Dodged            |     5 |    10 ||    15
